 Dungeon Crawl Stone Soup version 0.28.0-53-g5a82cb258f (webtiles) character file.

Game seed: 1899731506918544574

30 Gabide the Charlatan (level 3, -4/27 HPs)
             Began as a Human Artificer on June 17, 2022.
             Was a Follower of Okawaru.
             Slain by an iguana (9 damage)
             ... on level 2 of the Dungeon.
             The game lasted 00:02:09 (1526 turns).

Gabide the Charlatan (Human Artificer)              Turns: 1526, Time: 00:02:10

Health: -4/27      AC:  3    Str: 12    XL:     3   Next: 37%
Magic:  3/3        EV: 11    Int: 11    God:    Okawaru [*.....]
Gold:   54         SH:  0    Dex: 15    Spells: 2/2 levels left

rFire   . . .      SeeInvis .   g - +1 dagger (vamp)
rCold   . . .      Faith    .   (no shield)
rNeg    . . .      Spirit   .   b - +0 leather armour
rPois   .          Reflect  .   (no helmet)
rElec   .          Harm     .   (no cloak)
rCorr   .          Rampage  .   (no gloves)
Will    .....                   (no boots)
Stlth   +.........              (no amulet)
HPRegen 0.09/turn               (no ring)
MPRegen 0.08/turn               (no ring)

@: no status effects
A: no striking features
a: Renounce Religion, Heroism


You were on level 2 of the Dungeon.
You worshipped Okawaru.
Okawaru was aware of your devotion.
You visited 1 branch of the dungeon, and saw 2 of its levels.

You collected 54 gold pieces.

Inventory:

Hand Weapons
 a - a +0 club
 g - a +1 vampiric dagger (weapon)
Armour
 b - a +0 leather armour (worn)
Wands
 c - a wand of flame (12) (quivered)
 d - a wand of charming (15)
Scrolls
 h - 3 scrolls of identify {unknown}
 j - a scroll of noise {unknown}
Potions
 f - 2 potions of heal wounds {unknown}
 i - a potion of brilliance {unknown}
Miscellaneous
 e - a piece from Xom's chessboard (15/15)


   Skills:
 + Level 2.1 Fighting
 - Level 2.0 Armour
 + Level 1.2 Dodging
 - Level 1.0 Stealth
 + Level 3.6 Evocations


You had 2 spell levels left.
You didn't know any spells.
Your spell library contained the following spells:

 Spells                   Type           Power      Damage    Failure   Level
 Hailstorm                Conj/Ice       0%         3d3       99%         4
 Ice Form                 Ice/Tmut       0%         N/A       99%         4
 Simulacrum               Ice/Necr       Unusable   N/A       N/A         6

Dungeon Overview and Level Annotations

Branches:
Dungeon (2/15)

Altars:
Okawaru


Message History

The adder is severely wounded.
You feel sick. The adder barely misses you. The adder bites you.
You hit the adder.
The adder is almost dead.
You feel sick.
You are no longer poisoned.
The adder bites you but does no damage. The adder bites you.
An iguana comes into view.
The adder barely misses you.
Okay, then.
Unknown command.
Unknown command.
You miss the adder.
The adder is almost dead.
The adder barely misses you. The adder bites you but does no damage.
You hit the adder.
You feel better.
You kill the adder!
Okawaru accepts your kill. The adder closely misses you.
The adder bites you but does no damage.
You hit the adder.
The adder is moderately wounded.
The adder barely misses you.
You hit the adder.
The adder is moderately wounded.
The adder closely misses you.
You closely miss the adder.
The adder is moderately wounded.
The adder closely misses you. x2
You miss the adder.
The adder is moderately wounded.
The iguana closely misses you. The adder bites you.
You barely miss the adder.
The adder is moderately wounded.
The adder barely misses you. The iguana bites you!
* * * LOW HITPOINT WARNING * * *
Aiming: Throw Flame
Press: ? - help, Shift-Dir - straight line, f - adder
Aim: an adder (moderately wounded, 53% to hit)
The puff of flame misses the adder.
The adder misses you. The iguana bites you!
You die...

###..........# #........
... #......?. ...
#...... ##.#### #.#...#
.....# .
#.#.#.#####....##.?.
#.###..........†Sl......
#...†>.<........@.......
#####.###.###?...(..#...
#........##......!#
#....###.##..........
#....# .######.....)#
#....# .# ....[.# #....#
.# ####### ###### .# .#


You could see an iguana and an adder.

Vanquished Creatures
  An adder (D:2)
  A bat (D:1)
  3 endoplasms (D:1)
  3 giant cockroaches
  A goblin (D:1)
  2 hobgoblins (D:1)
  3 kobolds (D:1)
  A quokka (D:1)
  A ball python (D:1)
  2 rats (D:1)
18 creatures vanquished.

Notes
Turn   | Place    | Note
-------+----------+-------------------------------------------
     0 | D:1      | Gabide the Human Artificer began the quest for the Orb.
     0 | D:1      | Reached XP level 1. HP: 15/15 MP: 1/1
   387 | D:1      | Reached XP level 2. HP: 10/21 MP: 2/2
   938 | D:1      | Found a faded altar of an unknown god.
   944 | D:1      | Prayed at the altar of an unknown god.
   944 | D:1      | Became a worshipper of Warmaster Okawaru
   944 | D:1      | Reached * piety under Okawaru
  1263 | D:1      | Reached XP level 3. HP: 27/27 MP: 3/3
  1526 | D:2      | Slain by an iguana

Illustrated notes

Levels and vault maps discovered:
D:1:      enne_arrival_octagon_isle, layout_basic,
          hellmonk_ecumenical_altar_arch_garden
D:2:      layout_basic, patterned_corridor, uniq_terence

Skill      XL: |  1  2 |
---------------+-------+-----
Fighting       | 2 |  2.1
Armour         | |  2.0
Dodging        | |  1.2
Stealth        | |  1.0
Evocations     | |  3.6

Action                   || total
-------------------------++-------
Melee: Club              ||    34
       Dagger            ||    59
Evoke: Wand              ||     3
 Stab: Sleeping          ||     1
Armor: Leather armour    ||    26
Dodge: Dodged            ||    68
